Map: Dusk Towers

Players

Toons - Winner!

  • Race: Protoss Protoss
  • League: Platinum

tombo

  • Race: Terran Terran

VOD

Have the link to the VOD?

Description

Time

  • Played on: Feb. 5, 2016, 8:41 p.m.
  • Length: 5:55
Show
View Real Time Build Order
Export as new Build Order

Toons Protoss - Winner!

Build Orders:  

Get SALT Encoding   

  12  0:01  Probe (Chrono Boost)  
  13  0:11  Probe (Chrono Boost)  
  14  0:17  Pylon  
  14  0:22  Probe (Chrono Boost)  
  16  0:35  Probe (Chrono Boost)  
  16  0:38  Gateway  
  16  0:46  Probe (Chrono Boost)  
  17  0:56  Probe (Chrono Boost)  
  18  0:59  Assimilator  
  18  1:07  Probe (Chrono Boost)  
  19  1:18  Probe (Chrono Boost)  
  20  1:28  Probe (Chrono Boost)  
  20  1:29  Cybernetics Core  
  20  1:30  Pylon  
  21  1:39  Probe (Chrono Boost)  
  22  1:52  Probe (Chrono Boost)  
  23  2:01  Nexus  
  23  2:05  Probe (Chrono Boost)  
  23  2:08  Adept, Warp Gate (Chrono Boost)  
  25  2:16  Probe (Chrono Boost)  
  26  2:23  Assimilator  
  26  2:35  Robotics Facility  
  26  2:38  Probe (Chrono Boost), Gateway  
  27  2:48  Stalker  
  27  2:49  Probe (Chrono Boost)  
  30  3:02  Pylon  
  30  3:04  Pylon  
  31  3:05  Probe (Chrono Boost)  
  32  3:13  Probe (Chrono Boost)  
  32  3:18  Mothership Core (Chrono Boost)  
  34  3:27  Warp Prism  
  34  3:33  Gateway  
  36  3:36  Probe  
  36  3:38  Probe  
  38  3:52  Probe  
  39  4:00  Gateway  
  39  4:07  Immortal  
  39  4:09  Sentry  
  45  4:17  Stalker  
  47  4:22  Probe  
  47  4:24  Probe  
  48  4:27  Assimilator  
  47  4:34  Stalker  
  49  4:41  Stalker  
  51  4:52  Stalker  
  44  5:01  Probe  
  44  5:02  Probe  
  46  5:11  Probe  
  47  5:14  Probe  
  47  5:18  Zealot x2  
  47  5:19  Zealot x2  
  56  5:41  Stalker x2  
  56  5:42  Stalker  
  60  5:45  Stalker  
Show
View Real Time Build Order
Export as new Build Order

tombo Terran 

Build Orders:  

Get SALT Encoding   

  12  0:01  SCV  
  13  0:13  SCV  
  14  0:25  SCV  
  14  0:26  Supply Depot  
  15  0:34  Refinery  
  15  0:48  SCV  
  15  0:49  Barracks  
  16  0:58  Supply Depot  
  16  1:00  SCV  
  17  1:12  SCV  
  17  1:18  Barracks  
  18  1:24  SCV  
  19  1:44  Marine  
  20  1:52  Orbital Command  
  20  2:02  Command Center  
  20  2:06  Marine  
  20  2:07  Marine  
  22  2:17  Barracks  
  22  2:27  Barracks  
  22  2:29  Marine x2  
  24  2:40  SCV  
  25  2:44  Supply Depot  
  25  2:47  Marine x2  
  27  2:55  SCV  
  28  3:04  Marine x2  
  28  3:05  Marine  
  31  3:11  Supply Depot  
  31  3:14  Orbital Command  
  31  3:15  SCV  
  31  3:17  Marine  
  33  3:22  Marine x2  
  33  3:25  Marine  
  36  3:27  SCV  
  36  3:33  Refinery  
  37  3:35  Marine  
  37  3:39  Refinery, SCV  
  37  3:40  Marine x2  
  41  3:43  Marine  
  42  3:53  Marine  
  44  4:02  Refinery, SCV  
  44  4:03  Refinery, SCV  
  44  4:06  Barracks Tech Lab  
  45  4:14  Barracks Tech Lab  
  45  4:15  SCV  
  39  4:59  Marine x2  
  32  5:00  Marine  
  32  5:04  Marine  
  35  5:07  Factory  
  35  5:10  Supply Depot, Command Center  
  35  5:14  Engineering Bay  
  35  5:15  SCV x2  
  35  5:16  Engineering Bay  
  35  5:17  Marine x2  
  35  5:18  Marine  
  40  5:22  Marine  
  40  5:27  SCV x2  
Tags
 
League
Platinum
Matchup
PvT
Replay Pack
toons-pack1
Add a new tag
Caveats
  • Supply blocks, unpowered buildings, or Contaminate may cause inaccurate times.
  • Supply counts are checked every 10 seconds.